 Dungeon Crawl Stone Soup version 0.23-a0-650-ga4d50d4d25 (webtiles) character file.

227 Adamkad1 the Shield-Bearer (level 6, -7/39 HPs)
             Began as a Gargoyle Fighter on Jan 7, 2019.
             Killed by divine providence
             ... invoked by an orc priest
              (8 damage)
             ... on level 3 of the Dungeon.
             The game lasted 00:03:41 (1915 turns).

Adamkad1 the Shield-Bearer (Gargoyle Fighter)       Turns: 1915, Time: 00:03:42

Health: -7/39      AC: 14    Str: 21    XL:     6   Next: 2%
Magic:  6/6        EV:  6    Int:  9    God:
Gold:   106        SH:  9    Dex:  9    Spells: 5/5 levels left

rFire    . . .     SeeInvis .   a - +0 flail
rCold    . . .     Gourm    .   c - +0 shield
rNeg     + . .     Faith    .   m - +0 chain mail
rPois    ∞         Spirit   .   (no helmet)
rElec    +         Reflect  .   q - scarf {cloud immunity}
rCorr    .         Harm     .   (no gloves)
MR       .....                  (no boots)
Stlth    ..........             (no amulet)
HPRegen  0.13/turn              (no ring)
MPRegen  0.10/turn              (no ring)

@: no status effects
A: negative energy resistance 1, electricity resistance, unbreathing,
petrification resistance, rot immunity, AC +4
a: no special abilities


You were on level 3 of the Dungeon.
You were not hungry.

You visited 1 branch of the dungeon, and saw 3 of its levels.

You collected 106 gold pieces.

Inventory:

Hand Weapons
 a - a +0 flail (weapon)
Armour
 b - a +0 scale mail
 c - a +0 shield (worn)
 m - a +0 chain mail (worn)
 q - a scarf of cloud immunity (worn)
Jewellery
 g - an uncursed ring of wizardry {unknown}
Scrolls
 i - 2 scrolls of immolation {unknown}
 j - 3 scrolls of remove curse {unknown}
 k - a scroll of teleportation {unknown}
 l - 2 scrolls of identify {unknown}
 p - 2 scrolls of amnesia {unknown}
Potions
 d - a potion of might
 e - a potion of invisibility {unknown}
 h - 2 potions of brilliance {unknown}
 n - a potion of flight {unknown}
Comestibles
 f - 3 rations
 o - 2 chunks of flesh


   Skills:
 * Level 4.4 Fighting
 + Level 2.5 Maces & Flails
 * Level 4.5 Armour
 * Level 1.4 Dodging
 * Level 4.6 Shields


You had 5 spell levels left.
You didn't know any spells.
Your spell library was empty.

Dungeon Overview and Level Annotations

Branches:
Dungeon (3/15)

Altars:
Kikubaaqudgha
Nemelex Xobeh


Innate Abilities, Weirdness & Mutations

You are resistant to torment.
Your stone body is resilient. (AC +4)
You are immune to poison.
You resist negative energy. (rN+)
You are resistant to electric shocks. (rElec)
You can survive without breathing.
You are immune to petrification.
You are immune to rotting.


Message History

You hit the orc.
The orc is almost dead.
The orc priest begins to cast a cantrip, but forgets the words!
The orc barely misses you.
Unknown command.
The orc barely misses you.
The orc priest mumbles some strange prayers to Beogh against you.
Beogh smites you!
* * * LOW HITPOINT WARNING * * *
Things that are here:
a +0 short sword; a +0 trident; an orc skeleton The orc priest calls down the wrath of Beogh upon you.
Beogh smites you!
* * * LOW HITPOINT WARNING * * *
There is a stone staircase leading up here.
The orc priest looks encouraged for a moment.
The orc hits you but does no damage.
The orc priest invokes the aid of Beogh against you.
Beogh smites you!
You die...

.###.#.#.# #... .#
.........#....## ##.#. .
..##.#..o#.#..# ...... ..
#.#........# ...... ...
#.#o#........ ....#..........
#.#.#.##..### ....#..........
#.).........
...............##o#(#...#.###
................@.#)##..# #
............#....##(# ..#
......... ###....##.# ....
....##.# .#.'....##.# .#.
##÷....##.#.#....'..# ..
..÷.......#.#....####
..÷.......#.#....####..
..........#.............
...............########.


You could see 2 orc priests and an orc.

Vanquished Creatures
  2 orc priests (D:3)
  An orc wizard (D:3)
  3 adders
  An ooze (D:2)
  3 worms
  A dart slug (D:1)
  3 leopard geckos (D:2)
  7 orcs (D:3)
  3 giant cockroaches
  10 goblins
  9 hobgoblins
  14 jackals
  7 bats
  6 frilled lizards
  10 kobolds
  7 rats
87 creatures vanquished.

Notes
Turn   | Place    | Note
-------+----------+-------------------------------------------
     0 | D:1      | Adamkad1 the Gargoyle Fighter began the quest for the Orb.
     0 | D:1      | Reached XP level 1. HP: 14/14 MP: 1/1
   143 | D:1      | Reached XP level 2. HP: 17/19 MP: 2/2
   400 | D:1      | Reached XP level 3. HP: 23/23 MP: 3/3
   879 | D:2      | Reached XP level 4. HP: 29/29 MP: 4/4
  1066 | D:2      | Found an ancient bone altar of Kikubaaqudgha.
  1519 | D:3      | Reached XP level 5. HP: 29/33 MP: 5/5
  1556 | D:3      | Found a sparkling altar of Nemelex Xobeh.
  1597 | D:3      | Reached skill level 1 in Dodging
  1800 | D:3      | Reached XP level 6. HP: 30/39 MP: 6/6
  1913 | D:3      | HP: 1/39 [orc priest/divine providence (12)]
  1915 | D:3      | Killed from afar by an orc priest

Vault maps used:
D:1:      psy_arrival_radial01, minmay_misc_feat_enclosed,
          minmay_misc_feat_ornament
D:2:      kiku_gazebo_garden_becter
D:3:      nemelex_xobeh_ov_fountains_minmay

Skill      XL: |  1  2  3  4  5 |
---------------+----------------+-----
Armour         | 4 |  4.5
Shields        | 4 |  4.6
Fighting       | 4 |  4.4
Dodging        | 1 |  1.4
Maces & Flails | |  2.5

Action                   |  1- 3 |  4- 6 || total
-------------------------+-------+-------++-------
Melee: Flail             |   152 |   191 ||   343
  Eat: Chunk             |       |     4 ||     4
Armor: Scale mail        |    51 |       ||    51
       Chain mail        |    52 |   169 ||   221
Dodge: Dodged            |    49 |    59 ||   108
Block: Shield            |    93 |   111 ||   204

Table legend:
 A = Non-vault XP
 B = Vault XP
 C = Vault XP percentage of total XP
 D = Non-vault monster count
 E = Vault monster count
 F = Vault count percentage of total count
                 A         B        C        D         E       F
            +---------+---------+-------+---------+---------+-------
      Total |     325 |       0 |   0.0 |      87 |       0 |   0.0
            +---------+---------+-------+---------+---------+-------
        D:1 |      39 |       0 |   0.0 |      23 |       0 |   0.0
        D:2 |      82 |       0 |   0.0 |      35 |       0 |   0.0
        D:3 |     204 |       0 |   0.0 |      29 |       0 |   0.0
            +---------+---------+-------+---------+---------+-------
